AoeStats
← CEO of autism

Arabia

505958488Analyzed
2v2 RM · 20d ago on Sep 11, 2026· 49m 11s· 4 players
Game mode
Random Map
Map size
Medium (4 player)
Population
200
Speed
Normal
Resources
Standard
Victory
Conquest
Starting age
Dark Age
Ending age
Imperial Age
RankedLock teamsTeams togetherTeam positionsShared explorationLock speedFull tech treeHidden civsTurbo modeCheats
Victory
Defeat
🇫🇷 Franks · France
950
+14
🇫🇷 Vietnamese · France
947
+14
🇮🇹 Poles · Italy
930
-32
🇮🇹 Armenians · Italy
888
-26
Lain
6:28 Loom
9:17 Feudal Age
10:01 Double-Bit Axe
9:57 Horse Collar
19:55 Castle Age
20:29 Pikeman
21:27 Bow Saw
21:19 Heavy Plow
21:27 Husbandry
25:11 Bloodlines
25:35 Forging
27:51 Wheelbarrow
28:02 Light Cavalry
30:42 Squires
31:02 Hand Cart
32:18 Iron Casting
32:24 Scale Mail Armor
33:49 Elite Skirmisher
34:48 Szlachta Privileges
36:13 Thumb Ring
36:21 Scale Barding Armor
40:20 Imperial Age
38:18 Stone Mining
38:18 Gold Mining
38:35 Town Watch
39:19 Chain Mail Armor
38:56 Fletching
39:26 Chain Barding Armor
40:27 Stone Shaft Mining
42:25 Blast Furnace
41:58 Crop Rotation
42:25 Cavalier
43:42 Bodkin Arrow
48:02 Bracer
48:33 Plate Mail Armor
kickbear
7:55 Loom
11:11 Feudal Age
13:24 Double-Bit Axe
14:45 Horse Collar
22:38 Castle Age
21:33 Gold Mining
22:12 Forging
21:52 Fletching
22:44 Man-at-Arms
24:08 Heavy Plow
24:24 Bow Saw
27:17 Gold Shaft Mining
27:53 Iron Casting
27:13 Bodkin Arrow
26:41 Long Swordsman
27:33 Two-Handed Swordsman
29:12 Gambesons
29:54 Crossbowman
31:55 Wheelbarrow
31:46 Squires
35:25 Stone Mining
39:01 Champion
40:16 Pikeman
41:02 Scale Mail Armor
41:03 Padded Archer Armor
41:03 Halberdier
42:01 Elite Skirmisher
43:05 Chain Mail Armor
43:09 Leather Archer Armor
49:25 Imperial Age
CEO of autism
11:28 Feudal Age
9:49 Loom
11:34 Feudal Age
12:32 Double-Bit Axe
16:19 Gold Mining
23:33 Castle Age
22:36 Forging
22:42 Scale Barding Armor
23:18 Stone Mining
24:32 Wheelbarrow
26:18 Scale Mail Armor
27:13 Husbandry
27:51 Bow Saw
34:25 Iron Casting
35:04 Hand Cart
34:37 Town Watch
36:31 Gold Shaft Mining
40:31 Imperial Age
39:13 Chain Barding Armor
39:09 Chain Mail Armor
38:44 Fletching
38:54 Padded Archer Armor
40:19 Masonry
40:24 Fortified Wall
40:12 Murder Holes
40:38 Cavalier
40:39 Light Cavalry
42:23 Blast Furnace
43:00 Plate Barding Armor
42:56 Plate Mail Armor
42:42 Leather Archer Armor
43:01 Paladin
43:37 Pikeman
44:17 Squires
44:03 Gambesons
44:14 Halberdier
45:51 Bodkin Arrow
46:06 Man-at-Arms
48:34 Architecture
48:26 Ballistics
49:07 Chemistry
Mr Ble
7:47 Loom
10:51 Feudal Age
14:34 Double-Bit Axe
15:23 Fletching
20:37 Padded Archer Armor
23:08 Castle Age
22:00 Horse Collar
22:13 Gold Mining
23:23 Wheelbarrow
25:03 Bow Saw
24:50 Crossbowman
27:07 Hand Cart
27:50 Town Watch
29:23 Stone Mining
29:41 Heavy Plow
32:05 Bodkin Arrow
34:04 Thumb Ring
37:49 Leather Archer Armor
40:12 Imperial Age
37:35 Pikeman
38:17 Squires
38:41 Town Patrol
40:01 Forging
39:52 Scale Mail Armor
40:17 Halberdier
40:20 Arbalester
41:05 Bracer
41:36 Ring Archer Armor
41:41 Iron Casting
41:44 Paper Money
42:41 Two-Man Saw
Connection lost

Rejoining the realm…

Still unreachable

The connection could not be restored.

Session expired

The server has moved on; the page needs a fresh start.